 Dungeon Crawl Stone Soup version 0.29-a0-270-g1586fc07ea (webtiles) character file.

Game seed: 11384254917194168651

241 RNPValinor the Poker (level 5, -1/38 HPs)
             Began as a Demonspawn Gladiator on Mar 6, 2022.
             Killed from afar by Ijyb (17 damage)
             ... with a bolt of acid
             ... on level 3 of the Dungeon on Mar 7, 2022.
             The game lasted 00:02:48 (2456 turns).

RNPValinor the Poker (Demonspawn Gladiator)         Turns: 2456, Time: 00:02:49

Health: -1/38      AC:  0    Str: 16    XL:     5   Next: 80%
Magic:  5/5        EV: 12    Int:  9    God:
Gold:   185        SH:  3    Dex: 15    Spells: 4/4 levels left

rFire   . . .      SeeInvis +   a - +0 trident
rCold   . . .      Faith    .   s - +0 buckler
rNeg    . . .      Spirit   .   b - +0 leather armour
rPois   .          Reflect  .   (helmet restricted)
rElec   .          Harm     .   (no cloak)
rCorr   .          Rampage  .   (no gloves)
Will    .....                   i - +0 pair of boots
Stlth   +.........              (no amulet)
HPRegen 0.12/turn               h - ring of see invisible
MPRegen 0.09/turn               (no ring)

@: corroded
A: antennae 1, weakness stinger 2
a: no special abilities


You were on level 3 of the Dungeon.
You visited 1 branch of the dungeon, and saw 3 of its levels.

You collected 185 gold pieces.

Inventory:

Hand Weapons
 a - a +0 trident (weapon)
Missiles
 d - 2 throwing nets (quivered)
 e - 9 javelins
Armour
 b - a +0 leather armour (worn)
 c - a +0 helmet
 i - a +0 pair of boots (worn)
 s - a +0 buckler (worn)
Jewellery
 h - a ring of see invisible (left hand)
 r - a ring of ice
Scrolls
 j - a scroll of blinking {unknown}
 m - a scroll of fog {unknown}
 n - a scroll of silence {unknown}
 q - 2 scrolls of identify {unknown}
Potions
 f - 2 potions of curing {unknown}
 g - 5 potions of haste {unknown}
 k - 2 potions of lignification {unknown}
 l - a potion of might {unknown}
 o - a potion of heal wounds {unknown}
 p - a potion of invisibility {unknown}


   Skills:
 - Level 2.0 Fighting
 * Level 6.0 Polearms
 - Level 1.7 Throwing
 - Level 2.6 Dodging


You had 4 spell levels left.
You didn't know any spells.
Your spell library contained the following spells:

 Spells                   Type           Power      Damage    Failure   Level
 Ensorcelled Hibernation  Hex/Ice        0%         N/A       71%         2
 Conjure Flame            Conj/Fire      0%         6-21      90%         3
 Ignite Poison            Fire/Tmut/Pois 0%         N/A       90%         3
 Spider Form              Tmut/Pois      0%         N/A       90%         3
 Anguish                  Hex/Necr       0%         N/A       100%        4
 Sticky Flame             Conj/Fire      0%         2d3       100%        4
 Borgnjor's Revivificati  Necr           0%         N/A       100%        8
 Necromutation            Tmut/Necr      0%         N/A       100%        8
 Death's Door             Necr           0%         N/A       100%        9


Dungeon Overview and Level Annotations

Branches:
Dungeon (3/15)

Altars:

Annotations:
D:3 Ijyb


Innate Abilities, Weirdness & Mutations

You have a pair of small antennae on your head.
You have a tail ending in a sharp stinger.


Message History

Ijyb is wielding a +0 dagger and carrying a wand of acid (14).
The hobgoblin shouts!
You throw a throwing net. The throwing net hits Ijyb.
Ijyb is caught in the net!
Ijyb struggles against the net.
Ijyb zaps a wand.
The bolt of acid hits you! The acid corrodes you!
Ijyb struggles against the net.
You reach to attack!
You hit Ijyb but do no damage.
You reach to attack!
You hit Ijyb.
Ijyb is lightly wounded.
Ijyb struggles against the net.
You reach to attack!
You strike the helpless Ijyb from behind!
You hit Ijyb but do no damage.
Ijyb is lightly wounded.
Ijyb struggles against the net.
You reach to attack!
You hit Ijyb but do no damage.
Ijyb is lightly wounded.
Ijyb struggles against the net.
You reach to attack!
You hit Ijyb but do no damage.
Ijyb is lightly wounded.
Ijyb struggles against the net.
You reach to attack!
You hit Ijyb but do no damage.
Ijyb is lightly wounded.
Ijyb struggles against the net.
The net rips apart, and Ijyb comes free!
You reach to attack!
You hit Ijyb but do no damage.
Ijyb is lightly wounded.
You closely miss Ijyb.
Ijyb is lightly wounded.
Ijyb hits you with a +0 dagger.
You hit Ijyb.
Ijyb is lightly wounded.
Ijyb hits you with a +0 dagger! Ijyb barely misses you.
You are too injured to fight recklessly!
You are too injured to fight recklessly!
You are too injured to fight recklessly!
You closely miss Ijyb.
Ijyb is lightly wounded.
Ijyb zaps a wand.
The bolt of acid hits you!
You die...

......# #.####.###.#.##.
###.#.## #........#.#.###
#[...################.#.#.#.# #
#.............#######.....#.###
##...########.#...†............
##.............######..#######
###########.### #..# #.######
#..# #.@gg..# #..# ######.# #.


You could see Ijyb and a hobgoblin.

Vanquished Creatures
  A phantom (D:3)
  A hound (D:3)
  4 gnolls (D:2)
  5 adders
  2 worms (D:2)
  3 dart slugs
  2 endoplasms (D:1)
  2 giant cockroaches (D:2)
  6 hobgoblins
  3 quokkas
  9 ball pythons
  2 bats
  2 frilled lizards (D:2)
  3 rats (D:3)
45 creatures vanquished.

Notes
Turn   | Place    | Note
-------+----------+-------------------------------------------
     0 | D:1      | RNPValinor the Demonspawn Gladiator began the quest for the
                  | Orb.
     0 | D:1      | Reached XP level 1. HP: 16/16 MP: 1/1
   130 | D:1      | Reached skill level 3 in Polearms
   287 | D:1      | Discovered your monstrous ancestry.
   287 | D:1      | Gained mutation: You have a small tail. [demonic ancestry]
   287 | D:1      | Reached XP level 2. HP: 22/22 MP: 2/2
   643 | D:2      | Gained mutation: You have a pair of small antennae on your
                  | head. [demonic ancestry]
   643 | D:2      | Reached XP level 3. HP: 27/27 MP: 3/3
   653 | D:2      | Reached skill level 4 in Polearms
   729 | D:2      | Upgraded the game from 0.29-a0-266-gf56f883ddd to
                  | 0.29-a0-270-g1586fc07ea
  1044 | D:2      | Gained mutation: You have a tail ending in a sharp stinger.
                  | [demonic ancestry]
  1044 | D:2      | Reached XP level 4. HP: 25/33 MP: 4/4
  1483 | D:2      | Reached skill level 5 in Polearms
  2145 | D:3      | Noticed a phantom
  2162 | D:3      | Killed a phantom
  2163 | D:3      | Reached XP level 5. HP: 26/38 MP: 5/5
  2332 | D:3      | Reached skill level 6 in Polearms
  2444 | D:3      | Noticed Ijyb
  2456 | D:3      | Killed from afar by Ijyb

Illustrated notes

Levels and vault maps discovered:
D:1:      minmay_arrival_cross, layout_basic
D:2:      layout_basic, minmay_between
D:3:      layout_loops_ring, minmay_misc_feat_hallway,
          nicolae_elevator_lobby_asterisk, uniq_ijyb

Skill      XL: |  1  2  3  4  5 |
---------------+----------------+-----
Polearms       | 3 4 5 6 |  6.0
Fighting       | |  2.0
Throwing       | |  1.7
Dodging        | |  2.6

Action                   |  1- 3 |  4- 6 || total
-------------------------+-------+-------++-------
Melee: Trident           |    96 |    90 ||   186
       Tailslap          |     9 |     8 ||    17
Throw: Throwing net      |       |     1 ||     1
 Stab: Sleeping          |     2 |     1 ||     3
       Held in net/web   |       |     1 ||     1
Armor: Leather armour    |    26 |     9 ||    35
Dodge: Dodged            |    75 |    38 ||   113
Block: Buckler           |       |     1 ||     1

Table legend: (Time is in decaauts)
 A = Elapsed time spent in this place.
 B = Non-inter-level travel time spent in this place.
 C = Inter-level travel time spent in this place.
 D = Time resting spent in this place.
 E = Time spent auto-exploring this place.
 F = Levels seen in this place.
 G = Mean time per level.
                   A        B        C        D        E       F      G
               +--------+--------+--------+--------+--------+-----+--------+
         Total |   2472 |   2438 |     34 |      0 |   2050 |   3 |  824.0 |
       Dungeon |   2472 |   2438 |     34 |      0 |   2050 |   3 |  824.0 |
               +--------+--------+--------+--------+--------+-----+--------+

Top non-repeatable levels by time:
     D:2: 1346 daAuts
     D:1: 619 daAuts
     D:3: 506 daAuts
